 Dungeon Crawl Stone Soup version 0.19-a0-519-gb6a5606 (webtiles) character file.

91 Aksej the Slasher (level 4, -1/36 HPs)
             Began as a Demonspawn Fighter on June 7, 2016.
             Slain by a hobgoblin
             ... wielding a +0 club
              (3 damage)
             ... on level 3 of the Dungeon.
             The game lasted 00:06:04 (2194 turns).

Aksej the Slasher (Demonspawn Fighter)              Turns: 2194, Time: 00:06:04

Health: -1/36      AC:  7    Str: 16    XL:     4   Next: 33%
Magic:  0/5        EV: 12    Int: 10    God:
Gold:   37         SH:  0    Dex: 13    Spells: 0 memorised, 5 levels left

rFire  . . .     SeeInvis .     a - +0 long sword
rCold  . . .     Gourm    .     l - +2 robe
rNeg   . . .     Faith    .     (no shield)
rPois  .         Spirit   +     (no helmet)
rElec  .         Dismiss  .     (no cloak)
rCorr  .         Reflect  .     (no gloves)
SustAt .         Harm     .     g - +1 pair of boots
MR     +....                    (no amulet)
Stlth  +.........               (no ring)
                                i - ring of protection from magic

@: lethally poisoned (-1 -> -3), somewhat resistant to hostile enchantments,
very unstealthy
A: rugged brown scales 1, demonic guardian 1, magic shield
a: no special abilities


You were on level 3 of the Dungeon.
You were not hungry.

You visited 1 branch of the dungeon, and saw 4 of its levels.

You collected 37 gold pieces.

Inventory:

Hand Weapons
 a - a +0 long sword (weapon)
Armour
 g - a +1 pair of boots (worn)
 l - a +2 robe (worn)
Jewellery
 i - a ring of protection from magic (left hand)
Wands
 m - a wand of acid (5/15)
Scrolls
 b - 2 scrolls of remove curse
 c - 2 scrolls of identify
 n - a scroll of fear {unknown}
Potions
 e - a potion of cure mutation
Comestibles
 f - 3 bread rations
 h - 2 meat rations
 j - a beef jerky


   Skills:
 - Level 3.0 Fighting
 * Level 3.2 Long Blades
 - Level 2.6 Armour
 + Level 1.8 Dodging
   Level 2.6 Shields
 + Level 1.2 Spellcasting


You had 5 spell levels left.
You didn't know any spells.

Dungeon Overview and Level Annotations

Branches:
Dungeon (4/15)
 Temple: D:4-7

Altars:
Nemelex Xobeh
Vehumet

Annotations:
D:3 removeelyvilon's ghost, amateur DsMo
D:4 Arkorax's ghost, amateur HaFi


Innate Abilities, Weirdness & Mutations

You are partially covered in rugged brown scales. (AC +1, +3% HP)
A weak demonic guardian rushes to your aid.
When hurt, damage is shared between your health and your magic reserves.


Message History

The adder bites you. The hobgoblin closely misses you.
You barely miss the adder.
The adder is heavily wounded.
You feel sick. The adder closely misses you.
The hobgoblin hits you with a club. The adder closely misses you.
You slash the adder!
You kill the adder!
The hobgoblin hits you with a club.
* * * LOW HITPOINT WARNING * * *
You feel sick. The hobgoblin hits you with a club.
* * * LOW HITPOINT WARNING * * *
You see here an adder corpse.
You closely miss the hobgoblin.
The hobgoblin hits you but does no damage.
Okay, then.
You hit the hobgoblin.
The hobgoblin is lightly wounded.
* * * LOW HITPOINT WARNING * * *
You feel sick. The hobgoblin hits you with a club.
You die...

**** ######## ***,,, ##......##
**,*,,, ##........## **,***,,
#..........# **,,* ♣P,
#..........# *,,** ♣P♣
#..........# *,,,♣♣♣P.
#..........# *,,P,P...
#....@g....# *,*..P♣..
##........##**,,...P..
***********#.....(......,,,....(.
*,,,,,,,,.............##***......
*,,,,,,,,.##............,,,......
*,,,,,,,,,*#............#**######
,,,,,,,,,**#..........#.#,,*,,,*,
,,,,,**,***##........##,*,,*,,,*,
,,,,**,,*,,,,,,,,,,,,,,,*+**,,,*+


You could see a hobgoblin.

Vanquished Creatures
  4 adders
  4 worms (D:2)
  A giant gecko (D:2)
  A giant cockroach (D:2)
  6 goblins
  3 hobgoblins
  5 kobolds
  A quokka (D:2)
  3 ball pythons
  2 bats (D:2)
  6 giant newts
  7 rats
43 creatures vanquished.

Vanquished Creatures (collateral kills)
  An adder (D:4)
1 creature vanquished.

Grand Total: 44 creatures vanquished

Notes
Turn   | Place    | Note
--------------------------------------------------------------
     0 | D:1      | Aksej the Demonspawn Fighter began the quest for the Orb.
     0 | D:1      | Reached XP level 1. HP: 18/18 MP: 1/1
   362 | D:1      | Gained mutation: When hurt, damage is shared between your health and your magic reserves. [demonic ancestry]
   362 | D:1      | Reached XP level 2. HP: 21/24 MP: 2/2
   376 | D:1      | Reached skill level 1 in Dodging
   675 | D:2      | Found a sparkling altar of Nemelex Xobeh.
   940 | D:2      | HP: 1/24 [adder (2)]
   941 | D:2      | Gained mutation: A weak demonic guardian rushes to your aid. [demonic ancestry]
   941 | D:2      | Reached XP level 3. HP: 2/29 MP: 1/4
   943 | D:2      | Reached skill level 1 in Spellcasting
  1553 | D:2      | Found a radiant altar of Vehumet.
  1758 | D:3      | Noticed removeelyvilon's ghost (amateur DsMo)
  1837 | D:4      | Gained mutation: You are partially covered in rugged brown scales. (AC +1, +3% HP) [demonic ancestry]
  1837 | D:4      | Reached XP level 4. HP: 8/36 MP: 5/5
  2051 | D:4      | Noticed Arkorax's ghost (amateur HaFi)
  2194 | D:3      | Slain by a hobgoblin

Vault maps used:
D:1:      evilmike_arrival_hilbert_curve
D:2:      nicolae_overflow_crystal_walls, vehumet_crystals
D:3:      corexii_shack_village, serial_forest, infiniplex_forest_clump_curved,
          infiniplex_forest_clump_cross, infiniplex_forest_side_room,
          infiniplex_forest_end_double, infiniplex_forest_clump_tiny,
          infiniplex_forest_clump_medium, first_bread
D:4:      okawaru_altar_gauntlet_db, temple_statues, minmay_misc_feat_iff

Skill      XL: |  1  2  3 |
---------------+----------+-----
Long Blades    | 2 3 |  3.2
Dodging        | 1 |  1.8
Spellcasting   | 1 |  1.2
Fighting       | |  3.0
Armour         | |  2.6
Shields        | |  2.6

Action                   |  1- 3 |  4- 6 || total
-------------------------+-------+-------++-------
Melee: Long sword        |   158 |    30 ||   188
  Use: Scroll            |     9 |       ||     9
       Potion            |     6 |       ||     6
 Stab: Sleeping          |     1 |       ||     1
  Eat: Chunk             |     3 |     2 ||     5
Armor: Scale mail        |     9 |       ||     9
       Robe              |    30 |    20 ||    50
       Skin              |     7 |       ||     7
Dodge: Dodged            |   103 |    35 ||   138
